 Dungeon Crawl Stone Soup version 0.22.1-2-g9c5b331 (webtiles) character file.

214 Harpaggios the Sneak (level 5, 0/25 HPs)
             Began as a Vine Stalker Enchanter on Jan 1, 2019.
             Succumbed to an adder's poison
             ... on level 4 of the Dungeon.
             The game lasted 00:14:08 (3071 turns).

Harpaggios the Sneak (Vine Stalker Enchanter)       Turns: 3071, Time: 00:14:08

Health: 0/25       AC:  2    Str: 10    XL:     5   Next: 91%
Magic:  2/10       EV: 13    Int: 15    God:
Gold:   142        SH:  0    Dex: 16    Spells: 3/9 levels left

rFire    . . .     SeeInvis .   a - +1 dagger
rCold    . . .     Gourm    +   (no shield)
rNeg     . . .     Faith    .   b - +0 robe
rPois    .         Spirit   +   (no helmet)
rElec    .         Reflect  .   (no cloak)
rCorr    .         Harm     .   (no gloves)
MR       .....                  (no boots)
Stlth    +++.......             k - amulet of the gourmand
HPRegen  0.48/turn              (no ring)
MPRegen  0.12/turn              (no ring)

@: lethally poisoned (0 -> -1)
A: fangs 2, regeneration 1, magic shield, antimagic bite, no potion heal 3, rot
immunity
a: no special abilities


You were on level 4 of the Dungeon.
You were very full.

You visited 1 branch of the dungeon, and saw 4 of its levels.

You collected 142 gold pieces.

Inventory:

Hand Weapons
 a - a +1 dagger (weapon)
Armour
 b - a +0 robe (worn)
Jewellery
 f - a +4 ring of slaying {unknown}
 k - an amulet of the gourmand (around neck)
Wands
 h - a wand of enslavement (7)
Scrolls
 c - 2 scrolls of remove curse
 e - a scroll of teleportation
 i - a scroll of fear
 q - a scroll of blinking
Potions
 g - a potion of brilliance
 l - a potion of heal wounds {unknown}
 m - 2 potions of haste {unknown}
 p - a potion of cancellation {unknown}
Comestibles
 d - 8 rations
 r - 5 chunks of flesh


   Skills:
 + Level 1.6 Fighting
 + Level 1.8 Short Blades
 + Level 2.2 Dodging
 + Level 4.7 Stealth
 + Level 2.9 Spellcasting
 * Level 4.2 Hexes


You had 3 spell levels left.
You knew the following spells:

 Your Spells              Type           Power        Failure   Level  Hunger
a - Corona                Hex            ##.....      3%          1    #......
b - Ensorcelled Hibernat  Hex/Ice        #.....       13%         2    ##.....
c - Tukima's Dance        Hex            ##......     11%         3    ###....

Your spell library contained the following spells:

 Spells                   Type           Power        Failure   Level  Hunger
 Confuse                  Hex            ##......     11%         3    ###....
 Beastly Appendage        Tmut           #.....       21%         1    #......
 Dazzling Spray           Conj/Hex       #.....       26%         3    ###....
 Sticks to Snakes         Tmut           #.......     30%         2    ##.....
 Spider Form              Tmut/Pois      #.........   52%         3    ###....
 Ice Form                 Ice/Tmut       #.......     90%         4    #####..
 Blade Hands              Tmut           #.........   99%         5    ######.


Dungeon Overview and Level Annotations

Branches:
Dungeon (4/15)
 Temple: D:4-7

Altars:
Gozag
Okawaru


Innate Abilities, Weirdness & Mutations

You have extremely sharp teeth.
Your natural rate of healing is unusually fast.
When hurt, damage is shared between your health and your magic reserves.
Your bite disrupts and absorbs the magic of your enemies.
Potions cannot restore your health.
You are immune to rotting.


Message History

You hit the adder.
The adder is lightly wounded.
* * * LOW HITPOINT WARNING * * *
You feel sick. The adder misses you.
Okay, then.
You hit the adder. You bite the adder. You drain its power.
You feel invigorated.
The adder is severely wounded.
* * * LOW HITPOINT WARNING * * *
You feel sick. The adder barely misses you.
You hit the adder.
The adder is almost dead.
The adder misses you. x2
You hit the adder.
You kill the adder!
* * * LOW HITPOINT WARNING * * *
You feel sick.
You hit the quokka skeleton.
The quokka skeleton is heavily damaged.
You die...

,* ####....# *,,, ,*
#.......####### **** ,*
#.............# ,*
#.###...#####.# ,* #.* #...# #>#
,*##.**#...# #.# ,*#...##...# #.#
,,..%......# #.# **....##..##
#@#### *.#.**#..# #.ZO.# *,#,*
#..#### ####.# ###### *,*,*
#.....######.########....# **,*,*
##...........O...........#
,,,,,** #............#...♣...#..#
,,,,,,**#.##.#######....♣.♣.....#
,,,,,,,...##.# #...♣.♣.♣.....
,,,,,,######.# *#..♣.♣.♣.♣..##


You could see an ogre and a quokka skeleton.

Vanquished Creatures
  A hound (D:4)
  2 orc wizards
  4 gnolls (D:3)
  2 adders
  2 worms (D:2)
  2 dart slugs
  5 orcs (D:3)
  8 bats
  5 giant cockroaches
  6 goblins
  9 hobgoblins
  5 jackals (D:2)
  A quokka (D:2)
  6 frilled lizards
  5 kobolds
  5 rats
68 creatures vanquished.

Vanquished Creatures (others)
  4 toadstools (D:1)
4 creatures vanquished.

Grand Total: 72 creatures vanquished

Notes
Turn   | Place    | Note
-------+----------+-------------------------------------------
     0 | D:1      | Harpaggios the Vine Stalker Enchanter began the quest for
                  | the Orb.
     0 | D:1      | Reached XP level 1. HP: 9/9 MP: 4/4
    40 | D:1      | Reached skill level 1 in Short Blades
   408 | D:1      | Reached XP level 2. HP: 13/13 MP: 6/6
  1039 | D:2      | Learned a level 2 spell: Ensorcelled Hibernation
  1084 | D:2      | Reached XP level 3. HP: 15/17 MP: 7/7
  1742 | D:2      | Found an opulent altar of Gozag.
  1845 | D:3      | Gained mutation: Your natural rate of healing is unusually
                  | fast. [Vine Stalker growth]
  1845 | D:3      | Reached XP level 4. HP: 16/21 MP: 8/8
  1979 | D:3      | Reached skill level 1 in Fighting
  2287 | D:3      | Reached XP level 5. HP: 20/25 MP: 2/10
  2979 | D:4      | Found an iron altar of Okawaru.
  2988 | D:4      | Noticed an ogre
  2993 | D:4      | Learned a level 3 spell: Tukima's Dance
  3068 | D:4      | HP: 1/25 [poisoned by an adder]
  3071 | D:4      | Succumbed to an adder's poison

Skill      XL: |  1  2  3  4  5 |
---------------+----------------+-----
Short Blades   | 1 |  1.8
Stealth        | 4 |  4.7
Fighting       | 1 |  1.6
Dodging        | 2 |  2.2
Hexes          | 4 |  4.2
Spellcasting   | |  2.9

Action                   |  1- 3 |  4- 6 || total
-------------------------+-------+-------++-------
Melee: Dagger            |    99 |    93 ||   192
       Bite              |    16 |    24 ||    40
 Cast: Corona            |     1 |     1 ||     2
       Ensorcelled Hiber |     5 |    13 ||    18
       Tukima's Dance    |       |     1 ||     1
  Use: Scroll            |       |    10 ||    10
       Potion            |       |     1 ||     1
 Stab: Sleeping          |    11 |     7 ||    18
       Distracted        |       |     1 ||     1
  Eat: Chunk             |     3 |    17 ||    20
Armor: Robe              |    16 |    12 ||    28
Dodge: Dodged            |    39 |    67 ||   106
